 Dungeon Crawl Stone Soup version 0.29-a0-284-gf9362112df (webtiles) character file.

Game seed: 10733289519862625477

13 Oblizorion the Skirmisher (level 2, -1/24 HPs)
             Began as a Demonspawn Berserker on Mar 15, 2022.
             Was a Follower of Trog.
             Slain by a gnoll
             ... wielding a +0 flail
              (5 damage)
             ... on level 1 of the Dungeon.
             The game lasted 00:03:09 (787 turns).

Oblizorion the Skirmisher (Demonspawn Berserker)     Turns: 787, Time: 00:03:09

Health: -1/24      AC:  4    Str: 17    XL:     2   Next: 24%
Magic:  2/2        EV: 12    Int:  8    God:    Trog [*.....]
Gold:   38         SH:  0    Dex: 12    Spells: 1/1 levels left

rFire   . . .      SeeInvis .   a - +0 falchion
rCold   . . .      Faith    .   (no shield)
rNeg    . . .      Spirit   .   b - +0 animal skin
rPois   .          Reflect  .   c - +2 hat
rElec   .          Harm     .   (no cloak)
rCorr   .          Rampage  .   (no gloves)
Will    .....                   (no boots)
Stlth   +.........              (no amulet)
HPRegen 0.08/turn               (no ring)
MPRegen 0.08/turn               (no ring)

@: no status effects
A: demonic guardian 1
a: Renounce Religion, Berserk


You were on level 1 of the Dungeon.
You worshipped Trog.
Trog was aware of your devotion.
You visited 1 branch of the dungeon, and saw 1 of its levels.

You collected 38 gold pieces.

Inventory:

Hand Weapons
 a - a +0 falchion (weapon)
Armour
 b - a +0 animal skin (worn)
 c - a +2 hat (worn)
Potions
 d - a potion of invisibility {unknown}
 e - 2 potions of lignification {unknown}
 f - a potion of heal wounds {unknown}


   Skills:
 + Level 3.2 Fighting
 + Level 3.0 Long Blades
 + Level 1.9 Armour
 + Level 1.8 Dodging


You had one spell level left.
You didn't know any spells.
Your spell library contained the following spells:

 Spells                   Type           Power      Damage    Failure   Level
 Static Discharge         Conj/Air       0%         N/A       54%         2
 Dispel Undead            Necr           0%         3d6       99%         4
 Sticky Flame             Conj/Fire      0%         2d3       99%         4


Dungeon Overview and Level Annotations

Branches:
Dungeon (1/15)

Altars:


Innate Abilities, Weirdness & Mutations

A weak demonic guardian rushes to your aid.


Message History

Things that are here:
a +0 dagger; a +0 dagger; a hobgoblin corpse You see here a +0 club.
A gnoll comes into view. It is wielding a +0 flail.
The gnoll shouts!
An endoplasm comes into view.
A ball python comes into view.
The gnoll barely misses you.
The ball python hisses angrily.
You hit the gnoll.
The gnoll is lightly wounded.
The gnoll closely misses you. The endoplasm freezes you.
You are frozen.
You barely miss the gnoll.
The gnoll is lightly wounded.
The endoplasm freezes you.
You are frozen.
The gnoll hits you with a +0 flail.
You completely miss the gnoll.
The gnoll is lightly wounded.
The endoplasm freezes you.
You are frozen.
The gnoll barely misses you.
You hit the gnoll but do no damage.
The gnoll is lightly wounded.
The endoplasm hits you. The gnoll closely misses you.
You hit the gnoll.
The gnoll is lightly wounded.
The endoplasm jiggles.
The endoplasm hits you but does no damage.
The gnoll hits you with a +0 flail.
* * * LOW HITPOINT WARNING * * *
A demonic guardian appears!
The ball python bites you but does no damage.
The ball python closely misses you. The endoplasm attacks as you move away!
The endoplasm barely misses you.
The ball python attacks as you move away!
The ball python barely misses you. The endoplasm attacks as you move away!
The endoplasm hits you but does no damage.
The gnoll attacks as you move away! The gnoll hits you with a +0 flail.
You die...

############ #..........#
#..........# #....†.....# ...
#..........##### ....
#..........#...#
....###..5g..........####
........JS@.....)......#
###.....†.####...######.#
..........# #.....# #)#
###......##.......# #)#
#......##.......# #.#
###......##.......# #.##
##................## #..#
####..#..............######.###
......$............ .>.........


You could see a gnoll (ally target), an endoplasm, a ball python and a friendly
shadow imp (summoned).

Vanquished Creatures
  A bat (D:1)
  An endoplasm (D:1)
  A giant cockroach (D:1)
  5 goblins (D:1)
  A hobgoblin (D:1)
  A rat (D:1)
10 creatures vanquished.

Vanquished Creatures (others)
  3 fungi (D:1)
  5 plants (D:1)
8 creatures vanquished.

Grand Total: 18 creatures vanquished

Notes
Turn   | Place    | Note
-------+----------+-------------------------------------------
     0 | D:1      | Oblizorion the Demonspawn Berserker began the quest for the
                  | Orb.
     0 | D:1      | Reached XP level 1. HP: 18/18 MP: 1/1
   333 | D:1      | Found a faded altar of an unknown god.
   655 | D:1      | Gained mutation: A weak demonic guardian rushes to your
                  | aid. [demonic ancestry]
   655 | D:1      | Reached XP level 2. HP: 21/24 MP: 2/2
   787 | D:1      | Slain by a gnoll

Illustrated notes

Levels and vault maps discovered:
D:1:      mrwooster_arrival_statue, layout_rooms,
          shapermc_ecumenical_altar_acropolis

Skill      XL: |  1 |
---------------+----+-----
Long Blades    | 3 |  3.0
Fighting       | |  3.2
Armour         | |  1.9
Dodging        | |  1.8

Action                   || total
-------------------------++-------
Melee: Falchion          ||    75
       Punch             ||     1
Armor: Animal skin       ||    24
Dodge: Dodged            ||    38

Table legend: (Time is in decaauts)
 A = Elapsed time spent in this place.
 B = Non-inter-level travel time spent in this place.
 C = Inter-level travel time spent in this place.
 D = Time resting spent in this place.
 E = Time spent auto-exploring this place.
 F = Levels seen in this place.
 G = Mean time per level.
                   A        B        C        D        E       F      G
               +--------+--------+--------+--------+--------+-----+--------+
         Total |    800 |    800 |      0 |    466 |     38 |   1 |  800.0 |
       Dungeon |    800 |    800 |      0 |    466 |     38 |   1 |  800.0 |
               +--------+--------+--------+--------+--------+-----+--------+

Top non-repeatable levels by time:
     D:1: 800 daAuts
